 Dungeon Crawl Stone Soup version 0.28.0-45-g0d030f2227 (webtiles) character file.

Game seed: 12074495769489843859

2322 psko the Thaumaturge (level 9, 0/39 (40) HPs)
             Began as a Spriggan Conjurer on Apr 2, 2022.
             Was an Initiate of Vehumet.
             Slain by a bullfrog (6 damage)
             ... on level 8 of the Dungeon.
             The game lasted 02:17:12 (11108 turns).

psko the Thaumaturge (Spriggan Conjurer)           Turns: 11108, Time: 02:17:12

HP:   0/39 (40)     AC: 12    Str:  3    XL:     9   Next: 19%
MP:   23/24         EV: 20    Int: 23    God:    Vehumet [......]
Gold: 233           SH:  0    Dex: 14    Spells: 28/29 levels left

rFire   + . .      SeeInvis +   (weapon currently unavailable)
rCold   . . .      Faith    .   (shield currently unavailable)
rNeg    + + +      Spirit   .   (armour currently unavailable)
rPois   +          Reflect  .   (helmet currently unavailable)
rElec   .          Harm     .   (cloak currently unavailable)
rCorr   .          Rampage  .   (gloves unavailable)
Will    +....                   (boots unavailable)
Stlth   +++.......              x - amulet of magic regeneration
HPRegen 0.13/turn               p - ring of protection from fire
MPRegen 0.59/turn               U - ring of flight

@: lethally poisoned (0 -> -6), fungus-form, flying, mesmerised, lightly drained
A: melee confuse, terrified, no casting, tiny, no large weapons, unfitting
armour, see invisible, (speed 3), (talons 1), (iridescent scales 1),
(electricity resistance)
a: Renounce Religion


You were on level 8 of the Dungeon.
You worshipped Vehumet.
Vehumet was noncommittal.
You were a sentient fungus.
You visited 2 branches of the dungeon, and saw 9 of its levels.

You collected 292 gold pieces.
You spent 59 gold pieces at shops.

Inventory:

Hand Weapons
 b - a +0 short sword
 h - a +2 vorpal hand axe
 q - a +0 vorpal long sword
 w - a +0 shortbow
 z - a +0 hunting sling
 A - a +0 great mace
 B - a +0 morningstar
 C - a +0 hunting sling
 D - a +0 falchion
 H - a +7 quarterstaff of chaos (melded)
 Q - a +0 hand axe
 R - a +0 hunting sling
 V - a +0 hunting sling
 W - a +0 mace of holy wrath
 X - a +0 flail
 Z - a +0 war axe
Missiles
 d - 108 arrows
 f - 169 stones
 i - 5 javelins
 m - 8 poisoned darts
 y - a silver boomerang
 K - 23 sling bullets
Armour
 a - a +0 robe
 c - a +1 hat (melded)
 g - a +0 cloak (melded)
 j - a +0 hat
 k - a +0 scale mail
 l - a +0 pair of gloves
 r - a +0 kite shield
 s - a +0 chain mail
 t - the +8 chain mail of Elitism {rPois Int+3 Slay-4}
   (You found it on level 2 of the Dungeon)

   Int:       It affects your intelligence (+3).
   Slay:      It affects your accuracy & damage with ranged weapons and melee
   (-4).
   rPois:     It protects you from poison.
 u - a +0 scale mail
 E - a +0 animal skin
 J - a +0 leather armour
 P - the +1 ring mail "Suqiciog" {Harm *Slow rCorr Stlth+}
   (You found it on level 3 of the Dungeon)

   rCorr:     It protects you from acid and corrosion.
   *Slow:     It may slow you when you take damage.
   Harm:      It increases damage dealt and taken.
   Stlth:     It makes you more stealthy.
 S - +0 steam dragon scales (melded)
Magical Staves
 n - a staff of earth
 N - a staff of fire
Jewellery
 o - an amulet of magic regeneration
 p - a ring of protection from fire (left hypha)
 x - an amulet of magic regeneration (around neck)
 O - the ring "Fec Tadd" {Will+ Slay+2 SInv}
   (You found it on level 7 of the Dungeon)

   [ring of see invisible]

   Slay:      It affects your accuracy & damage with ranged weapons and melee
   (+2).
   SInv:      It lets you see invisible.
   Will:      It increases your willpower.
 U - a ring of flight (right hypha)
Scrolls
 e - 2 scrolls of identify
 G - 2 scrolls of enchant armour
 I - a scroll of blinking
Potions
 F - a potion of flight
 L - 2 potions of curing
 Y - a potion of might


   Skills:
 + Level 0.4 Fighting
 + Level 4.1 Dodging
 + Level 5.1 Stealth
 + Level 10.5 Spellcasting
 + Level 6.9 Conjurations


You had 28 spell levels left.
You knew the following spells:

 Your Spells              Type           Power      Damage    Failure   Level
a - Magic Dart            Conj           100%       1d8       1%          1

Your spell library contained the following spells:

 Spells                   Type           Power      Damage    Failure   Level
 Searing Ray              Conj           88%        2d7       1%          2
 Dazzling Flash           Conj/Hex       56%        N/A       3%          3
 Fulminant Prism          Conj/Hex       14%        3d9       13%         4
 Iskenderun's Mystic Bla  Conj/Tloc      28%        2d7       13%         4


Dungeon Overview and Level Annotations

Branches:
Dungeon (8/15)             Temple (1/1) D:6
   Lair: D:8-11

Altars:
Ashenzari
Dithmenos
Elyvilon
Kikubaaqudgha
Makhleb
Nemelex Xobeh
Qazlal
Trog
Uskayaw
Vehumet
Xom
Yredelemnul
Zin
The Shining One

Shops:
D:6 [([*?

Annotations:
D:8 Grum, Maggie, Psyche


Innate Abilities, Weirdness & Mutations

You are a sentient fungus.
You are tiny and evasive.
Your melee attack releases spores that confuse breathing creatures.
You become terrified and freeze when enemies are visible.
Your armour is entirely melded.
You are incapable of wielding weapons or throwing items.
You cannot cast spells.
You are very small and have problems with some larger weapons.
You are too small for most types of armour.
You have supernaturally acute eyesight. (SInv)
((You cover ground extremely quickly. (Speed+++)))
((You have sharp toenails.))
((You are partially covered in iridescent scales. (AC +2)))
((You are resistant to electric shocks. (rElec)))


Message History

Press: ? - help, Dir - move target, p - Maggie An orc wizard comes into view.
It is wielding a +0 dagger.
As you read the scroll of blinking, it crumbles to dust.
You feel very sick.
The howler monkey hoots and howls with incredible vigour!
Maggie misses you.
You hear a howl! x2; You hear a bellow! x4
You cannot move away from Maggie!
You cannot move away from Maggie!
Blink to where?
Press: ? - help, Dir - move target You cannot blink away from Maggie!
Blink to where?
Press: ? - help, Dir - move target You cannot blink away from Maggie!
Blink to where?
Press: ? - help, Dir - move target You cannot blink away from Maggie!
Blink to where?
Press: ? - help, Dir - move target You cannot blink away from Maggie!
Blink to where?
Press: ? - help, Dir - move target You cannot blink away from Maggie!
Blink to where?
Press: ? - help, Dir - move target
Okay, then.
As you read the scroll of teleportation, it crumbles to dust.
You feel strangely stable.
You feel sick. Psyche closely misses you. Maggie completely misses you.
Unknown command.
As you read the scroll of identify, it crumbles to dust.
G - 2 scrolls of enchant armour You feel sick.
Psyche hits you with a +3 dagger of chaos.
* * * LOW HITPOINT WARNING * * *
Psyche freezes you.
* * * LOW HITPOINT WARNING * * *
The bullfrog hits you.
You die...

##...# # ≈≈≈≈#.#
####...#.# .
#........# # ..
#........#...
... #....§.....#
....
#.........##
.....
#.@@.....##
......##fh..#.##
#)..F....#
........#.....#
######.#.......#
#.#.......#
#.......o.#
#....$......
#.##.....##. #.
.......


You could see Maggie (mesmerising, drained), Psyche (invisible), a bullfrog, a
howler monkey (catching breath) and an orc wizard.

Vanquished Creatures
  A steam dragon (D:7)
  A water moccasin (D:6)
  2 ice beasts
  An orc warrior (D:4)
  A black bear (D:6)
  A sky beast (D:6)
  3 ogres (D:5)
  A centaur (D:5)
  2 phantoms
  A kobold brigand (D:6)
  2 bullfrogs (D:6)
  A wyvern zombie (D:6)
  2 scorpions (D:4)
  A water moccasin skeleton (D:6)
  2 centaur zombies
  Crazy Yiuf (D:3)
  2 hounds (D:5)
  3 orc priests
  5 iguanas
  A jelly (D:6)
  A centaur skeleton (D:7)
  Jessica (D:2)
  3 orc wizards
  A hound zombie (D:4)
  A howler monkey zombie (D:7)
  Robin (D:3)
  A howler monkey skeleton (D:5)
  3 adders
  A shadow imp (D:6)
  A white imp (D:5)
  2 adder skeletons
  24 orcs
  8 ball pythons
  A bat (D:3)
  5 endoplasms
  4 giant cockroaches
  8 goblins
  3 hobgoblins
  3 jackals (D:3)
  8 kobolds
  2 quokkas
  2 frilled lizards
  8 rats
126 creatures vanquished.

Vanquished Creatures (collateral kills)
  A dart slug (D:1)
  A giant cockroach (D:1)
2 creatures vanquished.

Vanquished Creatures (others)
  13 plants (D:6)
13 creatures vanquished.

Grand Total: 141 creatures vanquished

Notes
Turn   | Place    | Note
-------+----------+-------------------------------------------
     0 | D:1      | psko the Spriggan Conjurer began the quest for the Orb.
     0 | D:1      | Reached XP level 1. HP: 9/9 MP: 5/5
   709 | D:1      | Reached XP level 2. HP: 13/13 MP: 3/6
  1850 | D:2      | Identified the +8 chain mail of Elitism {rPois Int+3
                  | Slay-4}
  1916 | D:2      | Noticed Jessica
  1922 | D:2      | Killed Jessica
  1923 | D:2      | Reached skill level 3 in Spellcasting
  1923 | D:2      | Reached XP level 3. HP: 16/16 MP: 4/8
  2383 | D:3      | Noticed Robin
  2393 | D:3      | Reached XP level 4. HP: 18/21 MP: 7/10
  2474 | D:3      | Killed Robin
  2817 | D:3      | Identified the +1 ring mail "Suqiciog" {Harm *Slow rCorr
                  | Stlth+}
  3408 | D:3      | Gained mutation: You are partially covered in iridescent
                  | scales. (AC +2) [potion of mutation]
  3408 | D:3      | Gained mutation: You have sharp toenails. [potion of
                  | mutation]
  3408 | D:3      | Gained mutation: You are resistant to electric shocks.
                  | (rElec) [potion of mutation]
  3453 | D:3      | Found a runed translucent door.
  3456 | D:3      | Noticed Crazy Yiuf
  3533 | D:3      | Killed Crazy Yiuf
  3534 | D:3      | Reached skill level 4 in Spellcasting
  3534 | D:3      | Reached XP level 5. HP: 24/24 MP: 9/12
  3864 | D:4      | Reached skill level 5 in Spellcasting
  3919 | D:4      | Reached XP level 6. HP: 7/28 MP: 11/14
  4256 | D:5      | Entered Level 5 of the Dungeon
  4437 | D:4      | Noticed an orc warrior
  4622 | D:4      | Noticed an ice beast
  4737 | D:4      | Killed an ice beast
  4738 | D:4      | Reached skill level 6 in Spellcasting
  4738 | D:4      | Reached skill level 5 in Conjurations
  4738 | D:4      | Reached XP level 7. HP: 32/32 MP: 13/17
  5456 | D:5      | Reached skill level 7 in Spellcasting
  5599 | D:6      | Found Veofe's General Store.
  5814 | D:6      | Bought a scroll of identify for 26 gold pieces
  6212 | D:6      | Reached XP level 8. HP: 33/37 MP: 18/20
  6328 | D:6      | Reached skill level 8 in Spellcasting
  6545 | D:6      | Found Orareasi's Magic Scroll Shop.
  6589 | D:6      | Bought a scroll of teleportation for 33 gold pieces
  7026 | D:6      | Found Hiprieff's Armour Shoppe.
  7190 | D:6      | Found Ulank's Antique Weapon Boutique.
  7298 | D:6      | Found a staircase to the Ecumenical Temple.
  7315 | Temple   | Entered the Ecumenical Temple
  7448 | Temple   | Became a worshipper of Vehumet
  7820 | D:5      | Reached skill level 9 in Spellcasting
  8914 | D:6      | Found Vufafuca's Antique Armour Shoppe.
  9208 | D:6      | Reached XP level 9. HP: 28/40 MP: 20/23
  9883 | D:7      | Reached skill level 10 in Spellcasting
  9887 | D:7      | Identified the ring "Fec Tadd" {Will+ Slay+2 SInv}
 10392 | D:7      | Reached skill level 5 in Stealth
 11024 | D:8      | Noticed Grum
 11077 | D:8      | Noticed Maggie
 11084 | D:8      | Noticed Psyche
 11108 | D:8      | Slain by a bullfrog

Illustrated notes

Levels and vault maps discovered:
D:1:      dpeg_arrival_orchard, layout_basic
D:2:      layout_basic, uniq_jessica
D:3:      layout_basic, minmay_surrounded, uniq_robin, uniq_crazy_yiuf_cottage
D:4:      layout_cave_pools, serial_column_ruins, column_ruins_hut,
          column_ruins_square_small, column_ruins_open_tiny_water,
          column_ruins_grid_1, column_ruins_columns_corner,
          column_ruins_columns_straight, column_ruins_corridor_straight
D:5:      layout_basic, st_stairs_4, lemuel_another_geyser
D:6:      layout_basic, temple_doors_e, serial_shops, nicolae_shop_statue_plus,
          nicolae_take_the_stairs, shop, nicolae_shop_overgrown_old_shop,
          nicolae_shop_hallway_stairs, serial_bayou_pond_e,
          kennysheep_big_empty_room
D:7:      layout_loops_ring, minivault_1
D:8:      minmay_weird_star, layout_rooms,
          nicolae_ossuary_entry_false_entrances, chequers_serial_rivers_micro_b,
          uniq_psyche, uniq_maggie, uniq_gastronok, uniq_grum
Temple:   nicolae_temple_great_sept

Skill      XL: |  1  2  3  4  5  6  7  8  9 |
---------------+----------------------------+-----
Conjurations   | 3 4 5 6 |  6.9
Spellcasting   | 3 4 5 6 7 9 10 | 10.5
Dodging        | 3 4 |  4.1
Stealth        | 4 5 |  5.1
Fighting       | |  0.4

Action                   |  1- 3 |  4- 6 |  7- 9 || total
-------------------------+-------+-------+-------++-------
Melee: Short sword       |     1 |       |       ||     1
       Staff             |     2 |       |       ||     2
       Quarterstaff      |       |       |    25 ||    25
       Kick              |       |       |    16 ||    16
 Cast: Magic Dart        |    61 |   221 |   305 ||   587
  Use: Scroll            |     7 |     2 |     9 ||    18
       Potion            |     3 |     3 |     5 ||    11
Armor: Robe              |     5 |     2 |     7 ||    14
       Steam dragon scal |       |       |     4 ||     4
       Skin              |       |       |     4 ||     4
Dodge: Dodged            |    11 |    16 |    60 ||    87
